 Dungeon Crawl Stone Soup version 0.28.0-53-g5a82cb258f (webtiles) character file.

Game seed: 14835928760546967002

23 safid the Skirmisher (level 2, -1/26 (27) HPs)
             Began as a Hill Orc Fighter on July 17, 2022.
             Was a Follower of Okawaru.
             Slain by Sigmund
             ... wielding a +5 scythe of venom
              (7 damage)
             ... on level 2 of the Dungeon.
             The game lasted 00:01:41 (860 turns).

safid the Skirmisher (Hill Orc Fighter)              Turns: 860, Time: 00:01:42

HP:   -1/26 (27)    AC:  6    Str: 18    XL:     2   Next: 95%
MP:   2/2           EV:  9    Int:  8    God:    Okawaru [*.....]
Gold: 9             SH:  4    Dex: 10    Spells: 1/1 levels left

rFire   . . .      SeeInvis .   a - +0 war axe
rCold   . . .      Faith    .   c - +0 buckler
rNeg    . . .      Spirit   .   b - +0 scale mail
rPois   .          Reflect  .   (no helmet)
rElec   .          Harm     .   (no cloak)
rCorr   .          Rampage  .   (no gloves)
Will    .....                   (no boots)
Stlth   ..........              (no amulet)
HPRegen 0.08/turn               (no ring)
MPRegen 0.08/turn               (no ring)

@: lightly drained
A: no striking features
a: Renounce Religion, Heroism


You were on level 2 of the Dungeon.
You worshipped Okawaru.
Okawaru was aware of your devotion.
You visited 1 branch of the dungeon, and saw 2 of its levels.

You collected 9 gold pieces.

Inventory:

Hand Weapons
 a - a +0 war axe (weapon)
Armour
 b - a +0 scale mail (worn)
 c - a +0 buckler (worn)
Scrolls
 e - a scroll of teleportation {unknown}
 f - a scroll of identify {unknown}
 j - a scroll of brand weapon {unknown}
Potions
 d - a potion of might
 g - a potion of degeneration {unknown}
 h - a potion of heal wounds {unknown}
 i - a potion of brilliance {unknown}


   Skills:
 + Level 3.9 Fighting
 + Level 3.2 Axes
 + Level 3.6 Armour
 + Level 3.6 Shields


You had one spell level left.
You didn't know any spells.
Your spell library contained the following spells:

 Spells                   Type           Power      Damage    Failure   Level
 Ensorcelled Hibernation  Hex/Ice        0%         N/A       95%         2
 Passwall                 Tmut/Erth      0%         N/A       95%         2
 Swiftness                Air            0%         N/A       99%         3


Dungeon Overview and Level Annotations

Branches:
Dungeon (2/15)

Altars:
Okawaru

Annotations:
D:2 Natasha, Sigmund


Message History

You are too injured to fight recklessly!
You are too injured to fight recklessly!
You are too injured to fight recklessly!
You are too injured to fight recklessly!
You are too injured to fight recklessly!
You are too injured to fight recklessly!
You are too injured to fight recklessly!
You are too injured to fight recklessly!
You are too injured to fight recklessly!
You are too injured to fight recklessly!
You are too injured to fight recklessly!
You are too injured to fight recklessly!
You are too injured to fight recklessly!
You are too injured to fight recklessly!
You are too injured to fight recklessly!
Unknown command.
You closely miss Natasha.
Natasha is moderately wounded.
Natasha splashes around in the water.
You closely miss Natasha.
Natasha is moderately wounded.
Natasha stares at you and mumbles some strange words.
You resist with significant effort.
You closely miss Natasha.
Natasha is moderately wounded.
Natasha stares at you and mumbles some strange words.
The magic dart hits you.
A kobold comes into view. It is wielding a +2 whip of draining.
Natasha wildly gestures.
You feel troubled.
Natasha splashes around in the water.
Something hits you.
* * * LOW HITPOINT WARNING * * *
You hit the kobold but do no damage. You hit Natasha but do no damage.
You block Natasha's attack. The kobold hits you but does no damage.
You feel drained.
Unknown command.
You hit the kobold.
The kobold is moderately wounded.
You closely miss Natasha. Something hits you!
You die...

#.##.#........
#.##.#..####..# ≈≈≈
##.........##..#≈≈≈≈
##..........≈≈≈.#≈≈≈≈
#.≈≈≈≈≈≈≈≈≈≈≈≈≈≈.≈≈≈≈
#.≈≈≈..≈≈≈≈≈≈≈≈≈≈≈≈≈≈
#≈≈≈≈≈≈.≈≈≈≈≈≈≈≈≈≈≈≈≈
#≈≈≈≈≈≈≈≈≈≈≈≈≈≈.≈≈≈..
#≈≈≈≈#.≈....K@h{.≈≈≈#
#≈≈≈######..##.#..###
#≈≈## ##.# ... ...
#≈## #.# ##..# # #≈
#.# ..# #.. ... ###
###


You could see Natasha and a kobold.

Vanquished Creatures
  3 bats (D:1)
  An endoplasm (D:2)
  2 giant cockroaches (D:1)
  2 goblins
  A hobgoblin (D:1)
  2 quokkas (D:1)
  5 ball pythons (D:1)
  A frilled lizard (D:1)
  3 kobolds (D:1)
  A rat (D:1)
21 creatures vanquished.

Notes
Turn   | Place    | Note
-------+----------+-------------------------------------------
     0 | D:1      | safid the Hill Orc Fighter began the quest for the Orb.
     0 | D:1      | Reached XP level 1. HP: 19/19 MP: 1/1
   156 | D:1      | Reached XP level 2. HP: 21/27 MP: 2/2
   268 | D:1      | Found a faded altar of an unknown god.
   320 | D:1      | Prayed at the altar of an unknown god.
   320 | D:1      | Became a worshipper of Warmaster Okawaru
   320 | D:1      | Reached * piety under Okawaru
   851 | D:2      | Noticed Natasha
   853 | D:2      | Noticed Sigmund
   860 | D:2      | Slain by Sigmund

Illustrated notes

Levels and vault maps discovered:
D:1:      lightli_iron_boxes, layout_loops_ring,
          hellmonk_ecumenical_altar_crossroads
D:2:      layout_loops_cross, chequers_serial_rivers_large_a, uniq_sigmund,
          uniq_natasha

Skill      XL: |  1  2 |
---------------+-------+-----
Axes           | 3 |  3.2
Fighting       | |  3.9
Armour         | |  3.6
Shields        | |  3.6

Action                   || total
-------------------------++-------
Melee: War axe           ||    59
Armor: Scale mail        ||    34
Dodge: Dodged            ||    23
Block: Buckler           ||    11
